TOP OF THE 1ST |
Portland Privateers batting - Pitching for Amarillo Archdukes : LHP Tim Miller
|
Pitching: LHP Tim Miller
|
|
Batting: RHB Luis Pineda
|
0-0: Foul Ball, location: 2F 0-1: Called Strike 0-2: Ball 1-2: Foul Ball, location: 2F 1-2: Ball 2-2: Foul Ball, location: 2F 2-2: Ball 3-2: Fly out, F8 (Flyball, 8RS)
|
Batting: LHB Dillon Beck
|
0-0: Swinging Strike 0-1: Fly out, F7 (Line Drive, 7S)
|
Batting: SHB Bobby Cox
|
0-0: Fly out, F8 (Flyball, 8LM)
|
Top of the 1st over - 0 run(s), 0 hit(s), 0 error(s), 0 left on base; Portland 0 - Amarillo 0 |
BOTTOM OF THE 1ST |
Amarillo Archdukes batting - Pitching for Portland Privateers : LHP Pedro Santana
|
Pitching: LHP Pedro Santana
|
|
Batting: RHB Tony Quinn
|
0-0: Ball 1-0: Foul Ball, location: 2F 1-1: SINGLE (Groundball, 15S) (infield hit)
|
Batting: LHB Chris Pryor
|
0-0: Ball 1-0: Foul Ball, location: 2F 1-1: Ball 2-1: Swinging Strike 2-2: Foul Ball, location: 2F 2-2: Strikes out swinging
|
Batting: RHB Tim Chambers
|
0-0: Ball 1-0: Grounds into double play, 6-4-3 (Groundball, 6)
|
Bottom of the 1st over - 0 run(s), 1 hit(s), 0 error(s), 0 left on base; Portland 0 - Amarillo 0 |
TOP OF THE 2ND |
Portland Privateers batting - Pitching for Amarillo Archdukes : LHP Tim Miller
|
Batting: SHB Patrick Larson
|
0-0: Ball 1-0: Ball 2-0: Fly out, F4 (Popup, 34)
|
Batting: RHB Troy Lau
|
0-0: Ground out 6-3 (Groundball, 6M)
|
Batting: LHB Juan Acotia
|
0-0: Ball 1-0: Ball 2-0: Ball 3-0: Foul Ball, location: 2F 3-1: Fly out, F7 (Flyball, 78XD)
|
Top of the 2nd over - 0 run(s), 0 hit(s), 0 error(s), 0 left on base; Portland 0 - Amarillo 0 |
BOTTOM OF THE 2ND |
Amarillo Archdukes batting - Pitching for Portland Privateers : LHP Pedro Santana
|
Batting: LHB Michael Cook
|
0-0: Ball 1-0: Foul Ball, location: 2F 1-1: Ball 2-1: Foul Ball, location: 2F 2-2: Strikes out looking
|
Batting: LHB Héctor Martínez
|
0-0: Called Strike 0-1: Ball 1-1: Fly out, F7 (Flyball, 8LM)
|
Batting: LHB Howard Lambert
|
0-0: Foul Ball, location: 2F 0-1: Ball 1-1: Called Strike 1-2: Ball 2-2: Fly out, F8 (Flyball, 8LXD)
|
Bottom of the 2nd over - 0 run(s), 0 hit(s), 0 error(s), 0 left on base; Portland 0 - Amarillo 0 |
TOP OF THE 3RD |
Portland Privateers batting - Pitching for Amarillo Archdukes : LHP Tim Miller
|
Batting: RHB Luther Stoffels
|
0-0: SINGLE (Groundball, 4MD)
|
Batting: LHB Yasuhiko Onodera
|
0-0: Foul Ball, location: 2F 0-1: Ball 1-1: Called Strike 1-2: Foul Ball, location: 2F 1-2: Foul Ball, location: 2F 1-2: Ball 2-2: Fly out, F6 (Popup, 56)
|
Batting: RHB Júlio Vélez
|
0-0: Ball 1-0: Swinging Strike 1-1: Ball 2-1: Swinging Strike 2-2: Ball 3-2: Foul Ball, location: 2F 3-2: Hit by Pitch Luther Stoffels to second
|
Batting: RHB Luis Pineda
|
0-0: SINGLE (Groundball, 34) Luther Stoffels to third Júlio Vélez to second Runner from 3rd tries for Home, SAFE, no throw or cutoff
|
Batting: LHB Dillon Beck
|
0-0: Foul Ball, location: 2F 0-1: Called Strike 0-2: Strikes out looking
|
Batting: SHB Bobby Cox
|
0-0: Ball 1-0: Foul Ball, location: 2F 1-1: Fly out, F9 (Flyball, 9LS)
|
Top of the 3rd over - 1 run(s), 2 hit(s), 0 error(s), 2 left on base; Portland 1 - Amarillo 0 |
BOTTOM OF THE 3RD |
Amarillo Archdukes batting - Pitching for Portland Privateers : LHP Pedro Santana
|
Batting: RHB Ronald Parsons
|
0-0: Foul Ball, location: 2F 0-1: SINGLE (Groundball, 34)
|
Batting: SHB Orlando Aguilar
|
0-0: Ball 1-0: Foul Ball, location: 2F 1-1: Called Strike 1-2: Fly out, F9 (Flyball, 9M)
|
Batting: RHB Matt Richards
|
0-0: Called Strike 0-1: Ball 1-1: Ball 2-1: Called Strike 2-2: Fly out, F9 (Flyball, 89XD)
|
Batting: RHB Tony Quinn
|
0-0: Called Strike 0-1: Ball 1-1: Ball 2-1: Fly out, F7 (Line Drive, 78S)
|
Bottom of the 3rd over - 0 run(s), 1 hit(s), 0 error(s), 1 left on base; Portland 1 - Amarillo 0 |
TOP OF THE 4TH |
Portland Privateers batting - Pitching for Amarillo Archdukes : LHP Tim Miller
|
Batting: SHB Patrick Larson
|
0-0: Called Strike 0-1: Swinging Strike 0-2: Ball 1-2: Fly out, F4 (Popup, 9LS)
|
Batting: RHB Troy Lau
|
0-0: Ball 1-0: Fly out, F6 (Popup, 6)
|
Batting: LHB Juan Acotia
|
0-0: Called Strike 0-1: Foul Ball, location: 2F 0-2: Ball 1-2: Foul Ball, location: 2F 1-2: SINGLE (Groundball, 4MD)
|
Batting: RHB Luther Stoffels
|
0-0: Ball 1-0: Ball 2-0: SINGLE (Groundball, 6M) Juan Acotia to second Runner from 2nd tries for 3rd, SAFE, no throw or cutoff
|
Batting: LHB Yasuhiko Onodera
|
0-0: Ball 1-0: Ball 2-0: Foul Ball, location: 2F 2-1: Fly out, F7 (Popup, 7LS)
|
Top of the 4th over - 0 run(s), 2 hit(s), 0 error(s), 2 left on base; Portland 1 - Amarillo 0 |
BOTTOM OF THE 4TH |
Amarillo Archdukes batting - Pitching for Portland Privateers : LHP Pedro Santana
|
Batting: LHB Chris Pryor
|
0-0: Swinging Strike 0-1: Swinging Strike 0-2: Strikes out swinging
|
Batting: RHB Tim Chambers
|
0-0: Called Strike 0-1: Foul Ball, location: 2F 0-2: Ball 1-2: Ball 2-2: Ball 3-2: Foul Ball, location: 2F 3-2: Foul Ball, location: 2F 3-2: Strikes out swinging
|
Batting: LHB Michael Cook
|
0-0: Ball 1-0: Called Strike 1-1: Swinging Strike 1-2: Strikes out swinging
|
Bottom of the 4th over - 0 run(s), 0 hit(s), 0 error(s), 0 left on base; Portland 1 - Amarillo 0 |
TOP OF THE 5TH |
Portland Privateers batting - Pitching for Amarillo Archdukes : LHP Tim Miller
|
Batting: RHB Júlio Vélez
|
0-0: Foul Ball, location: 2F 0-1: Foul Ball, location: 2F 0-2: Ball 1-2: Ball 2-2: Ground out 5-3 (Groundball, 56)
|
Batting: RHB Luis Pineda
|
0-0: Called Strike 0-1: Foul Ball, location: 2F 0-2: Ball 1-2: Ground out 5-3 (Groundball, 5)
|
Batting: LHB Dillon Beck
|
0-0: Called Strike 0-1: Ball 1-1: Called Strike 1-2: Fly out, F9 (Flyball, 9D)
|
Top of the 5th over - 0 run(s), 0 hit(s), 0 error(s), 0 left on base; Portland 1 - Amarillo 0 |
BOTTOM OF THE 5TH |
Amarillo Archdukes batting - Pitching for Portland Privateers : LHP Pedro Santana
|
Batting: LHB Héctor Martínez
|
0-0: Called Strike 0-1: DOUBLE (Line Drive, 78D)
|
Batting: LHB Howard Lambert
|
0-0: Ball 1-0: Called Strike 1-1: Ball 2-1: Foul Ball, location: 2F 2-2: Foul Ball, location: 2F 2-2: Ball 3-2: Fly out, F9 (Flyball, 9LM)
|
Batting: RHB Ronald Parsons
|
0-0: Ball 1-0: Called Strike 1-1: SINGLE (Flyball, 7S) Héctor Martínez to third
|
Batting: SHB Orlando Aguilar
|
0-0: Called Strike 0-1: Foul Ball, location: 2F 0-2: Ball 1-2: Foul Ball, location: 2F 1-2: Foul Ball, location: 2F 1-2: DOUBLE (Line Drive, 9LM) Héctor Martínez scores Ronald Parsons to third Runner from 3rd tries for Home, SAFE, throw made at trailing runner, SAFE at third!
|
Batting: RHB Matt Richards
|
0-0: Ball 1-0: Swinging Strike 1-1: Foul Ball, location: 2F 1-2: Foul Ball, location: 2F 1-2: Foul Ball, location: 2F 1-2: Ball 2-2: Foul Ball, location: 2F 2-2: Foul Ball, location: 2F 2-2: Ball 3-2: Base on Balls
|
Pitching: RHP Tom Clement
|
|
Batting: RHB Tony Quinn
|
0-0: Ball 1-0: Foul Ball, location: 2F 1-1: SINGLE (Line Drive, 6MD) Orlando Aguilar scores Matt Richards to second
|
Batting: LHB Chris Pryor
|
0-0: Ball 1-0: Called Strike 1-1: Ball 2-1: Foul Ball, location: 2F 2-2: Ball 3-2: Base on Balls Matt Richards to third Tony Quinn to second
|
Batting: RHB Tim Chambers
|
0-0: Ball 1-0: Swinging Strike 1-1: Foul Ball, location: 2F 1-2: Ball 2-2: Ball 3-2: Foul Ball, location: 2F 3-2: Strikes out swinging
|
Batting: LHB Michael Cook
|
0-0: Ball 1-0: Ball 2-0: Called Strike 2-1: Ball 3-1: Foul Ball, location: 2F 3-2: Base on Balls Matt Richards scores Tony Quinn to third Chris Pryor to second
|
Batting: LHB Héctor Martínez
|
0-0: Called Strike 0-1: Swinging Strike 0-2: Ball 1-2: Ball 2-2: Strikes out swinging
|
Bottom of the 5th over - 4 run(s), 4 hit(s), 0 error(s), 3 left on base; Portland 1 - Amarillo 4 |
TOP OF THE 6TH |
Portland Privateers batting - Pitching for Amarillo Archdukes : LHP Tim Miller
|
Batting: SHB Bobby Cox
|
0-0: Called Strike 0-1: Called Strike 0-2: Foul Ball, location: 2F 0-2: Ball 1-2: Foul Ball, location: 2F 1-2: Foul Ball, location: 2F 1-2: Ball 2-2: Foul Ball, location: 2F 2-2: Foul Ball, location: 2F 2-2: SOLO HOME RUN (Flyball, 8LXD), Distance : 406 ft
|
Batting: SHB Patrick Larson
|
0-0: Called Strike 0-1: Fly out, F8 (Flyball, 8LD)
|
Batting: RHB Troy Lau
|
0-0: Ball 1-0: Foul Ball, location: 2F 1-1: Called Strike 1-2: Fly out, F7 (Flyball, 7D)
|
Batting: LHB Juan Acotia
|
0-0: Ball 1-0: Ball 2-0: SINGLE (Groundball, 34D)
|
Batting: RHB Luther Stoffels
|
0-0: Called Strike 0-1: Ball 1-1: DOUBLE (Groundball, 5L) Juan Acotia to third
|
Batting: LHB Yasuhiko Onodera
|
0-0: Called Strike 0-1: Foul Ball, location: 2F 0-2: Fly out, F6 (Popup, 56D)
|
Top of the 6th over - 1 run(s), 3 hit(s), 0 error(s), 2 left on base; Portland 2 - Amarillo 4 |
BOTTOM OF THE 6TH |
Amarillo Archdukes batting - Pitching for Portland Privateers : RHP Tom Clement
|
Batting: LHB Howard Lambert
|
0-0: Foul Ball, location: 2F 0-1: Ball 1-1: Ball 2-1: Ball 3-1: Swinging Strike 3-2: Base on Balls
|
Pitching: RHP Carlos Molina
|
|
Batting: RHB Ronald Parsons
|
0-0: Ball 1-0: Ball 2-0: 2-RUN HOME RUN (Flyball, 7LD), Distance : 337 ft
|
Batting: SHB Orlando Aguilar
|
0-0: Ball 1-0: Foul Ball, location: 2F 1-1: Foul Ball, location: 2F 1-2: Ball 2-2: Ball 3-2: Base on Balls
|
Batting: RHB Matt Richards
|
0-0: Ball 1-0: Ball 2-0: Called Strike 2-1: DOUBLE (Line Drive, 78M) Orlando Aguilar to third
|
Batting: RHB Tony Quinn
|
0-0: Ball 1-0: Swinging Strike 1-1: 3-RUN HOME RUN (Flyball, 7D), Distance : 350 ft
|
Pitching: RHP José García
|
|
Batting: LHB Chris Pryor
|
0-0: Ball 1-0: Called Strike 1-1: Ball 2-1: Ball 3-1: Foul Ball, location: 2F 3-2: Base on Balls
|
Batting: RHB Tim Chambers
|
0-0: Called Strike 0-1: Ball 1-1: Grounds into double play, U6-3 (Groundball, 6M)
|
Batting: LHB Michael Cook
|
0-0: Ball 1-0: Ball 2-0: Swinging Strike 2-1: Ball 3-1: SINGLE (Line Drive, 56)
|
Batting: LHB Héctor Martínez
|
0-0: Ball 1-0: Ball 2-0: Foul Ball, location: 2F 2-1: SINGLE (Groundball, 56D) Michael Cook to second Runner from 2nd tries for 3rd, SAFE, no throw or cutoff
|
Batting: LHB Howard Lambert
|
0-0: Foul Ball, location: 2F 0-1: Fly out, F2 (Popup, 2RF)
|
Bottom of the 6th over - 5 run(s), 5 hit(s), 0 error(s), 2 left on base; Portland 2 - Amarillo 9 |
TOP OF THE 7TH |
Portland Privateers batting - Pitching for Amarillo Archdukes : LHP Tim Miller
|
Pitching: LHP Kevin Andrews
|
|
Batting: RHB Júlio Vélez
|
0-0: Ball 1-0: Ball 2-0: Ball 3-0: Base on Balls
|
Batting: RHB Luis Pineda
|
0-0: Ball 1-0: Called Strike 1-1: Swinging Strike 1-2: Ball 2-2: Foul Ball, location: 2F 2-2: Fly out, F9 (Flyball, 9LMF)
|
Batting: LHB Dillon Beck
|
0-0: Fly out, F7 (Flyball, 78M)
|
Batting: SHB Bobby Cox
|
0-0: SINGLE (Line Drive, 34) Júlio Vélez to second Runner from 2nd tries for 3rd, SAFE, throw made to third
|
Batting: SHB Patrick Larson
|
0-0: Ball 1-0: Fly out, F8 (Popup, 4MD)
|
Top of the 7th over - 0 run(s), 1 hit(s), 0 error(s), 2 left on base; Portland 2 - Amarillo 9 |
BOTTOM OF THE 7TH |
Amarillo Archdukes batting - Pitching for Portland Privateers : RHP José García
|
Batting: RHB Ronald Parsons
|
0-0: Swinging Strike 0-1: Swinging Strike 0-2: Foul Ball, location: 2F 0-2: Ball 1-2: Foul Ball, location: 2F 1-2: Ball 2-2: Ball 3-2: Foul Ball, location: 2F 3-2: Foul Ball, location: 2F 3-2: Ground out 4-3 (Groundball, 4)
|
Batting: SHB Orlando Aguilar
|
0-0: Foul Ball, location: 2F 0-1: Ball 1-1: Foul Ball, location: 2F 1-2: Foul Ball, location: 2F 1-2: Fly out, F7 (Flyball, 7S)
|
Batting: RHB Matt Richards
|
0-0: Ground out 5-3 (Groundball, 56S)
|
Bottom of the 7th over - 0 run(s), 0 hit(s), 0 error(s), 0 left on base; Portland 2 - Amarillo 9 |
TOP OF THE 8TH |
Portland Privateers batting - Pitching for Amarillo Archdukes : LHP Kevin Andrews
|
Batting: RHB Troy Lau
|
0-0: SINGLE (Line Drive, 34D)
|
Batting: LHB Juan Acotia
|
0-0: Called Strike 0-1: Ball 1-1: Ball 2-1: Fielders Choice at 2nd, 1-4 (Groundball, 15S)
|
Batting: RHB Luther Stoffels
|
0-0: SINGLE (Line Drive, 6MD) Juan Acotia to second
|
Batting: LHB Yasuhiko Onodera
|
0-0: Ball 1-0: Grounds into double play, 4-6-3 (Groundball, 34)
|
Top of the 8th over - 0 run(s), 2 hit(s), 0 error(s), 1 left on base; Portland 2 - Amarillo 9 |
BOTTOM OF THE 8TH |
Amarillo Archdukes batting - Pitching for Portland Privateers : RHP José García
|
Pitching: LHP Jaime Ayala
|
|
Pinch Hitting: LHB Ray Spencer
|
0-0: Ball 1-0: SINGLE (Groundball, 4M)
|
Batting: LHB Chris Pryor
|
0-0: Ball 1-0: Called Strike 1-1: Called Strike 1-2: Ball Wild Pitch! Ray Spencer to second 2-2: Ball Wild Pitch! Ray Spencer to third 3-2: Ground out 4-3 (Groundball, 4) Ray Spencer scores
|
Batting: RHB Tim Chambers
|
0-0: Ball 1-0: Called Strike 1-1: SINGLE (Groundball, 6MD)
|
Batting: LHB Michael Cook
|
0-0: Ball 1-0: Grounds into double play, 4-3-6 (Groundball, 34)
|
Bottom of the 8th over - 1 run(s), 2 hit(s), 0 error(s), 0 left on base; Portland 2 - Amarillo 10 |
TOP OF THE 9TH |
Portland Privateers batting - Pitching for Amarillo Archdukes : LHP Kevin Andrews
|
Now in CF: Ray Spencer
|
|
Now in RF: Jorge Martínez
|
|
Batting: RHB Júlio Vélez
|
0-0: Called Strike 0-1: Ball 1-1: Foul Ball, location: 2F 1-2: Ball 2-2: Ball 3-2: Base on Balls
|
Batting: RHB Luis Pineda
|
0-0: Ball 1-0: Foul Ball, location: 2F 1-1: Swinging Strike 1-2: Ball 2-2: Foul Ball, location: 2F 2-2: Ball 3-2: Fielders Choice at 2nd, 1-4 (Groundball, 15)
|
Batting: LHB Dillon Beck
|
0-0: SINGLE (Flyball, 8LS) Luis Pineda to second
|
Batting: SHB Bobby Cox
|
0-0: Ball 1-0: Foul Ball, location: 2F 1-1: Swinging Strike 1-2: Strikes out swinging
|
Batting: SHB Patrick Larson
|
0-0: Called Strike 0-1: Ball 1-1: Ball 2-1: Ball 3-1: SINGLE (Groundball, 6MD) Luis Pineda to third Dillon Beck to second Runner from 3rd tries for Home, SAFE, no throw or cutoff
|
Batting: RHB Troy Lau
|
0-0: Ball 1-0: Foul Ball, location: 2F 1-1: Ball 2-1: Foul Ball, location: 2F 2-2: Ball 3-2: Foul Ball, location: 2F 3-2: Foul Ball, location: 2F 3-2: Ground out 6-3 (Groundball, 6S)
|
Top of the 9th over - 1 run(s), 2 hit(s), 0 error(s), 2 left on base; Portland 3 - Amarillo 10 |
|